 Dungeon Crawl Stone Soup version 0.26-a0-682-g294304f6e8 (webtiles) character file.

Game seed: 11667092366575339097

29 dickylongcocking the Grave Robber (level 3, -2/28 HPs)
             Began as a Deep Dwarf Necromancer on Oct 21, 2020.
             Slain by Natasha (5 damage)
             ... on level 2 of the Dungeon.
             The game lasted 00:01:26 (1296 turns).

dickylongcocking the Grave Robber (DDNe)            Turns: 1296, Time: 00:01:27

Health: -2/28      AC:  2    Str: 11    XL:     3   Next: 1%
Magic:  2/5        EV: 12    Int: 16    God:
Gold:   40         SH:  0    Dex: 13    Spells: 1/5 levels left

rFire    . . .     SeeInvis .   c - +0 dagger
rCold    . . .     Faith    .   (no shield)
rNeg     . . .     Spirit   .   a - +0 robe
rPois    .         Reflect  .   (no helmet)
rElec    .         Harm     .   e - scarf {repulsion}
rCorr    .         Rampage  .   (no gloves)
MR       .....                  (no boots)
Stlth    ++........             (no amulet)
HPRegen  0.00/turn              (no ring)
MPRegen  0.09/turn              (no ring)

@: non-regenerating, repel missiles
A: damage resistance, heal wounds, sense surroundings 1, no regeneration
a: Heal Wounds


You were on level 2 of the Dungeon.
You visited 1 branch of the dungeon, and saw 2 of its levels.

You collected 40 gold pieces.

Inventory:

Hand Weapons
 c - a +0 dagger (weapon)
Armour
 a - a +0 robe (worn)
 e - a scarf of repulsion (worn)
Jewellery
 h - an uncursed ring of ice
Scrolls
 d - a scroll of teleportation {unknown}
 g - a scroll of enchant armour {unknown}
 i - a scroll of remove curse {unknown}
 k - a scroll of blinking {unknown}
 l - a scroll of random uselessness {unknown}
Potions
 b - a potion of brilliance {unknown}
 f - a potion of magic {unknown}
 j - a potion of curing {unknown}


   Skills:
 - Level 2.1 Dodging
 - Level 2.4 Stealth
 - Level 1.7 Spellcasting
 * Level 5.5 Necromancy


You had one spell level left.
You knew the following spells:

 Your Spells              Type           Power        Failure   Level
a - Pain                  Necr           ###.         2%          1
b - Vampiric Draining     Necr           ###.......   7%          3

Your spell library contained the following spells:

 Spells                   Type           Power        Failure   Level
 Animate Skeleton         Necr           ###...       2%          1
 Animate Dead             Necr           ###.......   22%         4
 Agony                    Necr           ###.....     52%         5


Dungeon Overview and Level Annotations

Branches:
Dungeon (2/15)

Altars:

Annotations:
D:2 Natasha


Innate Abilities, Weirdness & Mutations

You are resistant to damage.
You can heal yourself by infusing magical energy.
You passively map a small area around you.
You do not regenerate.


Message History

Casting: Pain (safe; 2% risk of failure)
Confirm with . or Enter, or press ? or * to list all spells.
Okay, then.
The helpless Natasha fails to defend herself.
You puncture Natasha!
Natasha is severely wounded.
Natasha misses you.
Unknown command.
Casting: Pain (safe; 2% risk of failure)
Confirm with . or Enter, or press ? or * to list all spells.
Okay, then.
Casting: Pain (safe; 2% risk of failure)
Confirm with . or Enter, or press ? or * to list all spells.
The spell is quite dangerous to cast (7% risk of failure)!
Continue anyway?
Aiming: Vampiric Draining (quite dangerous; 7% risk of failure)
Press: ? - help, Shift-Dir - straight line, f - Natasha
Aim: Natasha, carrying a wand of digging (6) (severely wounded) Natasha is almost dead.
You feel life coursing into your body. Natasha claws you.
You die...

, , , * , , , ,
* ######## * #
#..(...# * ###
* #......# ,
#.# #..
###......# ,
##.# * #..
#.....@h.# , ,
#... , *
#..##....#####
, #...
#...+....+ ,,*
#...
,###...#....#
#.?.
.....#....#
#...
#.###..#....#
#.....
........##### *
,#####.
#.####..#######
, ,.. ,
#.........+ ,
*...


You could see Natasha.

Vanquished Creatures
  2 bats (D:1)
  2 giant cockroaches (D:1)
  4 goblins (D:1)
  5 hobgoblins (D:1)
  A quokka (D:1)
  2 ball pythons (D:1)
  4 frilled lizards (D:1)
  5 kobolds
  3 rats (D:1)
28 creatures vanquished.

Notes
Turn   | Place    | Note
-------+----------+-------------------------------------------
     0 | D:1      | dickylongcocking the Deep Dwarf Necromancer began the quest
                  | for the Orb.
     0 | D:1      | Reached XP level 1. HP: 15/15 MP: 3/3
   158 | D:1      | Reached XP level 2. HP: 19/22 MP: 0/4
   314 | D:1      | Reached skill level 5 in Necromancy
  1097 | D:1      | HP: 1/22 [quokka (3)]
  1098 | D:1      | Reached XP level 3. HP: 1/28 MP: 0/5
  1155 | D:1      | Learned a level 3 spell: Vampiric Draining
  1292 | D:2      | Noticed Natasha
  1296 | D:2      | Slain by Natasha

Illustrated notes

Levels and vault maps discovered:
D:1:      ncdulo_lavacross, layout_basic
D:2:      layout_basic, fedhas_altar_2, minmay_misc_feat_encased, uniq_sigmund,
          uniq_crazy_yiuf_cottage, uniq_natasha

Skill      XL: |  1  2 |
---------------+-------+-----
Necromancy     | 5 |  5.5
Dodging        | |  2.1
Stealth        | |  2.4
Spellcasting   | |  1.7

Action                   || total
-------------------------++-------
Melee: Dagger            ||    30
       Unarmed           ||     1
 Cast: Pain              ||    41
       Vampiric Draining ||     1
 Stab: Sleeping          ||     1
Armor: Robe              ||     8
Dodge: Dodged            ||    42

Table legend: (Time is in decaauts)
 A = Elapsed time spent in this place.
 B = Non-inter-level travel time spent in this place.
 C = Inter-level travel time spent in this place.
 D = Time resting spent in this place.
 E = Time spent auto-exploring this place.
 F = Levels seen in this place.
 G = Mean time per level.
                   A        B        C        D        E       F      G
               +--------+--------+--------+--------+--------+-----+--------+
         Total |   1295 |   1240 |     55 |    207 |    822 |   2 |  647.5 |
       Dungeon |   1295 |   1240 |     55 |    207 |    822 |   2 |  647.5 |
               +--------+--------+--------+--------+--------+-----+--------+

Top non-repeatable levels by time:
     D:1: 1178 daAuts
     D:2: 117 daAuts
